 Dungeon Sprint DCSS version 0.28-a0-407-g69098e2f6d (webtiles) character file.

Game seed: 10925264552526741024

427 Zeld the Cleaver (level 6, -2/67 HPs)
             Began as a Minotaur Berserker on Sept 5, 2021.
             Was a Believer of Trog.
             Succumbed to Sonja's curare-tipped dart
             ... in the Dungeon (Sprint I: "Red Sonja").
             The game lasted 00:01:42 (444 turns).

Zeld the Cleaver (Minotaur Berserker)                Turns: 444, Time: 00:01:43

Health: -2/67      AC:  0    Str: 24    XL:     6   Next: 65%
Magic:  5/5        EV: 22    Int:  4    God:    Trog [**....]
Gold:   16         SH:  0    Dex: 14    Spells: 5/5 levels left

rFire   . . .      SeeInvis .   (weapon currently unavailable)
rCold   . . .      Faith    .   (shield currently unavailable)
rNeg    . . .      Spirit   .   (armour currently unavailable)
rPois   .          Reflect  .   (helmet currently unavailable)
rElec   .          Harm     .   (cloak currently unavailable)
rCorr   .          Rampage  .   (gloves currently unavailable)
Will    .....      NoTele   +   (boots currently unavailable)
Stlth   +.........              (no amulet)
HPRegen 0.21/turn               (ring currently unavailable)
MPRegen 0.09/turn               (ring currently unavailable)

@: lethally poisoned (-2 -> -13), bat-form, on berserk cooldown, flying, slowed,
quick
A: fast, flying, no casting, tiny, (horns 2), (retaliatory headbutt)
a: Renounce Religion, Berserk, Trog's Hand


You were in the Dungeon.
You worshipped Trog.
Trog was pleased with you.
You were a bat.
You visited 1 branch You collected 366 gold pieces.
You spent 350 gold pieces at shops.

Inventory:

Hand Weapons
 a - a +0 hand axe (melded)
Armour
 b - a +0 animal skin (melded)
Wands
 i - a wand of digging (3)
Scrolls
 h - a scroll of blinking
 j - 2 scrolls of holy word
 k - a scroll of enchant armour
 l - a scroll of enchant weapon
 m - a scroll of identify
Potions
 e - a potion of haste
 f - 2 potions of magic
 g - a potion of berserk rage


   Skills:
 * Level 10.4 Fighting
 * Level 10.5 Axes
 + Level 7.5 Armour
 + Level 6.7 Dodging


You had 5 spell levels left.
You didn't know any spells.
Your spell library was empty.

Dungeon Overview and Level Annotations

Branches:
Dungeon (1/1)

Altars:
Cheibriados
Dithmenos
Elyvilon
Fedhas
Gozag
Hepliaklqana
Kikubaaqudgha
Nemelex Xobeh
Okawaru
Qazlal
Ru
Sif Muna
Trog
Uskayaw
Vehumet
Wu Jian
Yredelemnul
Zin
The Shining One

Shops:
D ?

Annotations:
D Sonja


Innate Abilities, Weirdness & Mutations

You are a bat.
You are tiny and dextrous.
You move quickly.
You are flying.
Your equipment is almost entirely melded.
You are incapable of wielding weapons or throwing items.
You cannot cast spells.
((You have a pair of horns on your head.))
((You reflexively headbutt those who attack you in melee.))


Message History

You feel much better.
You feel very sick.
Sonja zaps a wand.
You resist with almost no effort.
Sonja zaps a wand.
You resist with almost no effort.
You feel better.
Sonja zaps a wand.
You resist with almost no effort.
Sonja hits you with a +0 short sword of venom.
Sonja misses you. Sonja closely misses you.
Unknown command.
Okay, then.
You barely miss Sonja. Your headbutt misses Sonja.
Your skin stops crawling.
You feel less strong-willed.
Sonja zaps a wand.
You turn into a bat.
Your +0 hand axe melds into your body.
Your +0 animal skin melds into your body.
Sonja completely misses you. Sonja misses you. x2
Press: ? - help, v - describe, . - travel, g - get item
Here: Sonja, wielding a +0 short sword of venom, quivering curare-tipped darts and carrying a wand of polymorph (2) Item here: 27 gold pieces.
The floor.
Sonja barely misses you.
Sonja hits you with a +0 short sword of venom!
* * * LOW HITPOINT WARNING * * *
Sonja hits you with a +0 short sword of venom.
* * * LOW HITPOINT WARNING * * *
Sonja zaps a wand.
You resist with some effort.
Sonja hits you with a +0 short sword of venom.
* * * LOW HITPOINT WARNING * * *
You are lethally poisoned!
Sonja barely misses you. Sonja closely misses you.
* * * LOW HITPOINT WARNING * * *
You feel very sick.
Sonja throws a curare-tipped dart.
The curare-tipped dart hits you.
You are more poisoned.
You have difficulty breathing.
* * * LOW HITPOINT WARNING * * *
You feel as though you will be slow longer.
There is an open door, spattered with blood here.
* * * LOW HITPOINT WARNING * * *
You feel very sick.
Unknown command.
You die...

################
#<.#..').#..'..#
#..').#..').#..+
#..#####'#####'#
#..####..#...#.#
#..#__####..##)#
#..#_____##'#_.+
#⌠⌠#_.∩...†..b_#
##.#_..__##_.#'#
#..#_____###'#[#
############K###
+$.$+ #$.$#
##.## #+#


You could see Sonja.

Vanquished Creatures
  Sigmund (D)
  A yak (D)
  An ogre (D)
  A jelly (D)
  Ijyb (D)
5 creatures vanquished.

Notes
Turn   | Place    | Note
-------+----------+-------------------------------------------
     0 | D        | Zeld the Minotaur Berserker began the quest for the Orb.
     0 | D        | Reached XP level 1. HP: 19/19 MP: 0/0
     2 | D        | Noticed Ijyb
     9 | D        | Killed Ijyb
    10 | D        | Reached skill level 5 in Fighting
    10 | D        | Reached skill level 5 in Axes
    10 | D        | Reached XP level 2. HP: 13/29 MP: 1/1
   219 | D        | Noticed an ogre
   225 | D        | Killed an ogre
   226 | D        | Reached skill level 5 in Armour
   226 | D        | Reached XP level 3. HP: 39/39 MP: 2/2
   226 | D        | Reached XP level 4. HP: 47/47 MP: 3/3
   276 | D        | Noticed Sigmund
   282 | D        | Killed Sigmund
   282 | D        | Reached ** piety under Trog
   283 | D        | Reached skill level 5 in Dodging
   283 | D        | Reached XP level 5. HP: 57/57 MP: 4/4
   341 | D        | Found an ornate altar of the Wu Jian Council.
   341 | D        | Found a shimmering blue altar of Sif Muna.
   343 | D        | Found a radiant altar of Vehumet.
   349 | D        | Reached XP level 6. HP: 63/64 MP: 5/5
   378 | D        | Found Japlesiu's Magic Scroll Emporium.
   378 | D        | Found an ancient bone altar of Kikubaaqudgha.
   378 | D        | Found a hazy altar of Hepliaklqana.
   378 | D        | Found a hide-covered altar of Uskayaw.
   378 | D        | Found a basalt altar of Yredelemnul.
   378 | D        | Found an opulent altar of Gozag.
   378 | D        | Found a snail-covered altar of Cheibriados.
   378 | D        | Found a sacrificial altar of Ru.
   378 | D        | Found a shadowy altar of Dithmenos.
   378 | D        | Noticed a yak
   380 | D        | Found a stormy altar of Qazlal.
   380 | D        | Found a blossoming altar of Fedhas.
   380 | D        | Found a bloodstained altar of Trog.
   380 | D        | Found an iron altar of Okawaru.
   380 | D        | Found a glowing golden altar of the Shining One.
   380 | D        | Found a glowing silver altar of Zin.
   380 | D        | Found a white marble altar of Elyvilon.
   381 | D        | Killed a yak
   382 | D        | Reached skill level 10 in Fighting
   382 | D        | Reached skill level 10 in Axes
   383 | D        | Found a sparkling altar of Nemelex Xobeh.
   420 | D        | Bought a scroll of holy word for 82 gold pieces
   420 | D        | Bought a scroll of holy word for 82 gold pieces
   420 | D        | Bought a scroll of enchant armour for 82 gold pieces
   420 | D        | Bought a scroll of enchant weapon for 82 gold pieces
   420 | D        | Bought a scroll of identify for 22 gold pieces
   428 | D        | Noticed Sonja
   443 | D        | HP: 1/67 [poisoned by Sonja (curare-tipped dart)]
   444 | D        | Succumbed to Sonja's curare-tipped dart

Illustrated notes

Levels and vault maps discovered:
D:        dungeon_sprint_1 [red_sonja_temple_1, red_sonja_temple_small_1]

Skill      XL: |  1  2  3  4  5  6 |
---------------+-------------------+-----
Fighting       | 5 7 9 10 | 10.4
Axes           | 5 7 9 10 | 10.5
Armour         | 3 5 6 7 |  7.5
Dodging        | 3 4 5 6 |  6.7

Action                   |  1- 3 |  4- 6 || total
-------------------------+-------+-------++-------
Melee: Hand axe          |     9 |     9 ||    18
       Headbutt          |     1 |     3 ||     4
Invok: Berserk           |     2 |     3 ||     5
       Trog's Hand       |       |     1 ||     1
Evoke: Wand              |     1 |       ||     1
  Use: Potion            |       |     2 ||     2
Armor: Animal skin       |       |     3 ||     3
Dodge: Dodged            |     2 |    12 ||    14

Table legend: (Time is in decaauts)
 A = Elapsed time spent in this place.
 B = Non-inter-level travel time spent in this place.
 C = Inter-level travel time spent in this place.
 D = Time resting spent in this place.
 E = Time spent auto-exploring this place.
 F = Levels seen in this place.
 G = Mean time per level.
                   A        B        C        D        E       F      G
               +--------+--------+--------+--------+--------+-----+--------+
         Total |    488 |    488 |      0 |    332 |      0 |   1 |  488.0 |
       Dungeon |    488 |    488 |      0 |    332 |      0 |   1 |  488.0 |
               +--------+--------+--------+--------+--------+-----+--------+

Top non-repeatable levels by time:
       D: 488 daAuts
